 Dungeon Crawl Stone Soup version 0.30-a0-1114-gd936c97349 (webtiles) character file.

Game seed: 12320713447226303781

6845 bearlyready the Basher (level 11, -4/127 HPs)
             Began as a Gnoll Reaver on Apr 20, 2023.
             Was a Priest of Cheibriados.
             Slain by a gnoll sergeant
             ... wielding a +2 spear of venom
              (10 damage)
             ... on level 9 of the Dungeon.
             The game lasted 00:18:44 (10984 turns).

bearlyready the Basher (Gnoll Reaver)              Turns: 10984, Time: 00:18:45

Health: -4/127     AC: 25    Str: 19    XL:     11   Next: 6%
Magic:  20/20      EV:  2    Int: 29    God:    Cheibriados [***...]
Gold:   275        SH:  6    Dex: 18    Spells: 18/26 levels left

rFire   . . .      SeeInvis .    v - +4 morningstar
rCold   . . .      Faith    .    F - +0 buckler
rNeg    . . .      Spirit   .    C - melded +2 leather armour {rC+}
rPois   +          Reflect  .    (helmet currently unavailable)
rElec   .          Rampage  .    p - melded +0 cloak
rCorr   .          NoTele   +    n - melded +0 pair of gloves
Will    .....                    (boots currently unavailable)
Stlth   +++                      (no amulet)
HPRegen 0.41/turn                h - ring of flight
MPRegen 0.17/turn                P - +6 ring of intelligence

@: lethally poisoned (-4 -> -14), tree-form, on berserk cooldown, slowed, very
slow
A: stationary, stasis, torment immunity, boosted hp, (fangs 1), strong nose,
distributed training, deterioration 1, low MP 1
a: Renounce Religion, Bend Time, Temporal Distortion


You were on level 9 of the Dungeon.
You worshipped Cheibriados.
Cheibriados was most pleased with you.
You were a tree.
You visited 2 branches of the dungeon, and saw 10 of its levels.

You collected 508 gold pieces.
You spent 233 gold pieces at shops.

Inventory:

Hand Weapons
 v - a +4 morningstar (weapon)
 A - the +6 rapier "Loonnowk" {freeze, +Blink Int+3}
   (You found it on level 5 of the Dungeon)

   Int:       It affects your intelligence (+3).
   +Blink:    It lets you blink.
Missiles
 o - 3 boomerangs
 y - 26 poisoned darts (quivered)
Armour
 n - a +0 pair of gloves (melded)
 p - a +0 cloak (melded)
 s - a scarf of invisibility
 C - a +2 leather armour of cold resistance (melded)
 F - a +0 buckler (worn)
Jewellery
 h - a ring of flight (left branch)
 r - a ring of resist corrosion
 w - a ring of poison resistance
 G - a ring of fire
 P - a +6 ring of intelligence (right branch)
Wands
 a - a wand of mindburst (1)
 d - a wand of digging (1)
 j - a wand of iceblast (8)
 u - a wand of flame (10)
Scrolls
 e - a scroll of amnesia {unknown}
 f - 4 scrolls of teleportation
 g - 2 scrolls of noise
 k - a scroll of poison {unknown}
 m - 3 scrolls of fog
 x - 5 scrolls of immolation
 z - 2 scrolls of enchant weapon
 B - 2 scrolls of magic mapping
 D - 2 scrolls of blinking
 J - a scroll of fear {unknown}
 O - a scroll of acquirement {unknown}
Potions
 c - 2 potions of haste
 i - 2 potions of brilliance
 l - 4 potions of mutation
 q - 2 potions of lignification
 t - 2 potions of cancellation
 H - a potion of berserk rage
 K - a potion of attraction {unknown}
 L - a potion of ambrosia {unknown}
 M - a potion of resistance {unknown}
 N - 2 potions of curing {unknown}


   Skills:
 + Level 7.7 Fighting
 + Level 6.1 Short Blades
 + Level 6.1 Long Blades
 + Level 6.1 Axes
 + Level 9.1 Maces & Flails
 + Level 6.1 Polearms
 + Level 6.1 Staves
 + Level 6.1 Ranged Weapons
 + Level 6.1 Throwing
 + Level 6.1 Armour
 + Level 7.7 Dodging
 + Level 6.1 Stealth
 + Level 6.1 Shields
 + Level 6.1 Unarmed Combat
 + Level 8.0 Spellcasting
 + Level 7.5 Conjurations
 + Level 5.0 Hexes
 + Level 5.0 Summonings
 + Level 5.0 Necromancy
 + Level 5.0 Translocations
 + Level 5.0 Transmutations
 + Level 5.0 Fire Magic
 + Level 5.0 Ice Magic
 + Level 5.0 Air Magic
 + Level 5.0 Earth Magic
 + Level 5.0 Poison Magic
 + Level 6.7 Invocations
 + Level 6.1 Evocations


You had 18 spell levels left.
You knew the following spells:

 Your Spells              Type           Power      Damage    Failure   Level
a - Kiss of Death         Conj/Necr      100%       2d13      1%          1
b - Momentum Strike       Conj/Tloc      96%        3d10      1%          2
c - Swiftness             Air            41%        N/A       2%          3
d - Passwall              Tmut/Erth      34%        N/A       1%          2

Your spell library contained the following spells:

 Spells                   Type           Power      Damage    Failure   Level
 Shock                    Conj/Air       100%       1d9       1%          1
 Slow                     Hex            100%       N/A       1%          1
 Summon Small Mammal      Summ           100%       N/A       1%          1
 Ensorcelled Hibernation  Hex/Ice        82%        N/A       1%          2
 Hailstorm                Conj/Ice       48%        3d11      1%          3
 Call Canine Familiar     Summ           41%        N/A       2%          3
 Confusing Touch          Hex            41%        N/A       2%          3
 Summon Guardian Golem    Hex/Summ       41%        N/A       2%          3
 Vampiric Draining        Necr           41%        2d8       2%          3
 Airstrike                Air            20%        2d(3-19)  7%          4
 Ice Form                 Ice/Tmut       41%        N/A       7%          4
 Simulacrum               Ice/Necr       20%        N/A       73%         6


Dungeon Overview and Level Annotations

Branches:
Dungeon (9/15)             Temple (1/1) D:5
   Lair: D:8-11         Orc: D:9-12

Altars:
Ashenzari
Cheibriados
Dithmenos
Elyvilon
Fedhas
Gozag
Hepliaklqana
Kikubaaqudgha
Makhleb
Nemelex Xobeh
Sif Muna
Trog
Uskayaw
Vehumet
Wu Jian
Xom
Yredelemnul
Zin
The Shining One
Jiyva

Shops:
D:5 [?:(

Annotations:
D:9 3 runed translucent doors, jasper's ghost, novice DsCA


Innate Abilities, Weirdness & Mutations

You are a tree.
Your roots penetrate the ground, keeping you stationary.
You cannot be teleported.
You are immune to unholy pain and torment.
Your maximum health is greatly increased.
Your equipment is partially melded.
((You have very sharp teeth.))
Your uncanny sense of smell can sniff out nearby items.
Your experience applies equally to all skills.
Your body sometimes deteriorates upon taking damage.
Your magical capacity is low. (-10% MP)


Message History

The gnoll sergeant hits you from afar with a +2 spear of venom.
* * * LOW HITPOINT WARNING * * *
The yak gores you but does no damage.
The gnoll sergeant hits you from afar with a +2 spear of venom!
* * * LOW HITPOINT WARNING * * *
The yak gores you but does no damage.
Aiming: Mindburst
Press: ? - help, Shift-Dir - straight line, f/p - gnoll sergeant
Aim: a gnoll sergeant, wielding a +2 spear of venom and wearing a +0 scale mail (covering ground quickly, chance to affect: 84%)
The yak's mind is blasted!!
You blow up the yak!
Cheibriados appreciates the change of pace.
The gnoll sergeant hits you but does no damage.
You are poisoned.
The howler monkey hits you but does no damage.
Aiming: Mindburst
Press: ? - help, Shift-Dir - straight line, f/p - gnoll sergeant
Aim: a gnoll sergeant, wielding a +2 spear of venom and wearing a +0 scale mail (covering ground quickly, chance to affect: 84%)
The howler monkey's mind is blasted!!
You blow up the howler monkey!
Cheibriados appreciates the change of pace.
You feel very sick.
The gnoll sergeant is no longer moving quickly.
The gnoll sergeant hits you but does no damage.
You are lethally poisoned!
The howler monkey hoots and howls with incredible vigour!
The howler monkey hits you but does no damage.
You block the gnoll sergeant's attack.
You hear a shout!
Aiming: Mindburst
Press: ? - help, Shift-Dir - straight line, f/p - gnoll sergeant
Aim: a gnoll sergeant, wielding a +2 spear of venom and wearing a +0 scale mail (chance to affect: 84%)
The howler monkey's mind is blasted!!
You blow up the howler monkey!
Cheibriados appreciates the change of pace.
* * * LOW HITPOINT WARNING * * *
You feel very sick.
The bullfrog hits you but does no damage.
The gnoll sergeant hits you from afar with a +2 spear of venom!
You die...

........###.......#
#.#.#.#.##...####.#
......[.#..###....#
#.#.#.#[#.##......#
........).#.....$..
#.#.#.#.#.##......#
........#..###.h.g#
#.#.#.#.##...####F#
........###....†♣)#
###.#########.######
.....................
......##...##########
......###### ∆
.)..)...# ...)...###
#........# ##.÷.....#


You could see a gnoll sergeant and a bullfrog.

Vanquished Creatures
  A harpy (D:9)
  Maurice (D:8)
  A kobold demonologist (D:9)
  A troll (D:7)
  A hornet (D:9)
  Sigmund (D:4)
  2 wraiths (D:9)
  A wyvern (D:9)
  5 yaks (D:9)
  Eustachio (D:5)
  2 acid dragons (D:9)
  3 water moccasins
  2 orc warriors
  2 sky beasts
  3 ice beasts
  2 black bears (D:6)
  3 centaurs
  3 phantoms
  2 kobold brigands
  3 bullfrogs
  2 scorpions
  2 gnoll sergeants
  12 wights
  2 killer bees (D:9)
  5 howler monkeys
  A hound (D:6)
  2 jellies
  An orc priest (D:3)
  An iguana (D:7)
  2 orc wizards
  12 gnolls
  5 adders
  2 white imps (D:6)
  3 ufetubi
  2 worms (D:4)
  A dart slug (D:2)
  22 orcs
  8 ball pythons
  3 bats
  7 endoplasms
  2 giant cockroaches
  6 goblins
  5 hobgoblins
  3 jackals (D:4)
  16 kobolds
  6 quokkas
  6 frilled lizards
  7 rats
186 creatures vanquished.

Vanquished Creatures (collateral kills)
  2 bullfrogs
  2 howler monkeys (D:8)
  An orc (D:9)
5 creatures vanquished.

Vanquished Creatures (others)
  51 plants (D:7)
51 creatures vanquished.

Grand Total: 242 creatures vanquished

Notes
Turn   | Place    | Note
-------+----------+-------------------------------------------
     0 | D:1      | bearlyready the Gnoll Reaver began the quest for the Orb.
     0 | D:1      | Reached XP level 1. HP: 20/20 MP: 6/6
   104 | D:1      | Reached XP level 2. HP: 19/26 MP: 7/7
   454 | D:1      | Reached skill level 5 in Spellcasting
   454 | D:1      | Reached XP level 3. HP: 30/31 MP: 7/9
   457 | D:1      | Learned a level 2 spell: Momentum Strike
  1004 | D:2      | Reached skill level 1 in Invocations
  1075 | D:2      | Reached skill level 1 in Short Blades
  1075 | D:2      | Reached skill level 1 in Long Blades
  1075 | D:2      | Reached skill level 1 in Axes
  1075 | D:2      | Reached skill level 1 in Polearms
  1075 | D:2      | Reached skill level 1 in Staves
  1075 | D:2      | Reached skill level 1 in Ranged Weapons
  1075 | D:2      | Reached skill level 1 in Throwing
  1075 | D:2      | Reached skill level 1 in Armour
  1075 | D:2      | Reached skill level 1 in Stealth
  1075 | D:2      | Reached skill level 1 in Shields
  1075 | D:2      | Reached skill level 1 in Unarmed Combat
  1075 | D:2      | Reached skill level 1 in Evocations
  1281 | D:2      | Found a bloodstained altar of Trog.
  1498 | D:2      | Reached XP level 4. HP: 34/38 MP: 11/11
  2013 | D:3      | Reached skill level 1 in Hexes
  2013 | D:3      | Reached skill level 1 in Summonings
  2013 | D:3      | Reached skill level 1 in Necromancy
  2013 | D:3      | Reached skill level 1 in Translocations
  2013 | D:3      | Reached skill level 1 in Transmutations
  2013 | D:3      | Reached skill level 1 in Fire Magic
  2013 | D:3      | Reached skill level 1 in Ice Magic
  2013 | D:3      | Reached skill level 1 in Air Magic
  2013 | D:3      | Reached skill level 1 in Earth Magic
  2013 | D:3      | Reached skill level 1 in Poison Magic
  2244 | D:3      | Reached XP level 5. HP: 27/40 MP: 8/12
  2355 | D:3      | Found a blossoming altar of Fedhas.
  2992 | D:4      | Noticed a phantom
  3005 | D:4      | Killed a phantom
  3006 | D:4      | Reached skill level 5 in Fighting
  3006 | D:4      | Reached skill level 5 in Dodging
  3006 | D:4      | Reached XP level 6. HP: 3/40 MP: 10/14
  3202 | D:4      | Noticed a sky beast
  3215 | D:4      | Killed a sky beast
  3261 | D:4      | Found a radiant altar of Vehumet.
  3353 | D:4      | Noticed Sigmund
  3362 | D:4      | Killed Sigmund
  3363 | D:4      | Reached skill level 7 in Maces & Flails
  3363 | D:4      | Reached XP level 7. HP: 44/56 MP: 13/15
  3502 | D:4      | Found a hide-covered altar of Uskayaw.
  4125 | D:4      | Learned a level 3 spell: Swiftness
  4156 | D:5      | Entered Level 5 of the Dungeon
  4174 | D:5      | Identified the +6 rapier "Loonnowk" {freeze, +Blink Int+3}
  4236 | D:5      | Found Rugeunij's Magic Scroll Shop.
  4370 | D:5      | Bought a scroll of teleportation for 39 gold pieces
  4370 | D:5      | Bought a scroll of magic mapping for 97 gold pieces
  4370 | D:5      | Bought a scroll of blinking for 97 gold pieces
  4889 | D:5      | Found Tubiaq's Weapon Shoppe.
  5010 | D:5      | Found a sparkling altar of Nemelex Xobeh.
  5010 | D:5      | Noticed Eustachio
  5021 | D:5      | Killed Eustachio
  5022 | D:5      | Reached XP level 8. HP: 48/63 MP: 13/16
  5132 | D:5      | Found Jiloruki's Book Boutique.
  5261 | D:5      | Found a staircase to the Ecumenical Temple.
  5448 | D:5      | Found Surrij's Antique Armour Shop.
  5490 | Temple   | Entered the Ecumenical Temple
  5610 | Temple   | Became a worshipper of Cheibriados the Contemplative
  6393 | D:6      | Reached XP level 9. HP: 59/69 MP: 18/18
  7258 | D:7      | Reached * piety under Cheibriados
  7612 | D:7      | Reached skill level 8 in Maces & Flails
  8042 | D:7      | Reached skill level 5 in Invocations
  8412 | D:7      | Noticed a troll
  8431 | D:7      | Learned a level 2 spell: Passwall
  8445 | D:7      | Killed a troll
  8836 | D:8      | Noticed Maurice
  8875 | D:8      | Killed Maurice
  8876 | D:8      | Reached skill level 5 in Short Blades
  8876 | D:8      | Reached skill level 5 in Long Blades
  8876 | D:8      | Reached skill level 5 in Axes
  8876 | D:8      | Reached skill level 5 in Polearms
  8876 | D:8      | Reached skill level 5 in Staves
  8876 | D:8      | Reached skill level 5 in Ranged Weapons
  8876 | D:8      | Reached skill level 5 in Throwing
  8876 | D:8      | Reached skill level 5 in Armour
  8876 | D:8      | Reached skill level 5 in Stealth
  8876 | D:8      | Reached skill level 5 in Shields
  8876 | D:8      | Reached skill level 5 in Unarmed Combat
  8876 | D:8      | Reached skill level 5 in Evocations
  8876 | D:8      | Reached XP level 10. HP: 11/77 MP: 20/20
  8942 | D:7      | Reached ** piety under Cheibriados
 10290 | D:9      | HP: 5/118 [yak (2)]
 10572 | D:9      | Found a runed translucent gate.
 10572 | D:9      | Found a runed translucent gate.
 10572 | D:9      | Found a runed translucent gate.
 10579 | D:9      | Found a viscous altar of Jiyva.
 10579 | D:9      | Noticed jasper's ghost (novice DsCA)
 10650 | D:9      | Noticed a kobold demonologist
 10651 | D:9      | Upgraded the game from 0.30-a0-1112-gfb780f5df6 to
                  | 0.30-a0-1114-gd936c97349
 10657 | D:9      | Noticed an orange demon
 10657 | D:9      | Gained mutation: Your magical capacity is low. (-10% MP) [a
                  | neqoxec]
 10658 | D:9      | Gained mutation: Your body sometimes deteriorates upon
                  | taking damage. [a neqoxec]
 10659 | D:9      | Killed a kobold demonologist
 10957 | D:9      | Reached *** piety under Cheibriados
 10969 | D:9      | Noticed a harpy
 10978 | D:9      | Killed a harpy
 10979 | D:9      | Reached skill level 9 in Maces & Flails
 10979 | D:9      | Reached skill level 5 in Hexes
 10979 | D:9      | Reached skill level 5 in Summonings
 10979 | D:9      | Reached skill level 5 in Necromancy
 10979 | D:9      | Reached skill level 5 in Translocations
 10979 | D:9      | Reached skill level 5 in Transmutations
 10979 | D:9      | Reached skill level 5 in Fire Magic
 10979 | D:9      | Reached skill level 5 in Ice Magic
 10979 | D:9      | Reached skill level 5 in Air Magic
 10979 | D:9      | Reached skill level 5 in Earth Magic
 10979 | D:9      | Reached skill level 5 in Poison Magic
 10979 | D:9      | Reached XP level 11. HP: 30/85 MP: 20/20
 10984 | D:9      | HP: 6/127 [poisoned by a gnoll sergeant]
 10984 | D:9      | Slain by a gnoll sergeant

Illustrated notes

Levels and vault maps discovered:
D:1:      minmay_arrival_five_plusses, layout_basic
D:2:      layout_basic, basic_altar, minivault_5, minmay_split_cup_small
D:3:      layout_loops_cross, fedhas_altar_2
D:4:      layout_loops_corners, mainiacjoe_overflow_paths,
          mainiacjoe_overflow_brackets, nrook_loot_triangle, grunt_ministairs_6,
          uniq_sigmund
D:5:      layout_loops_ring, nemelex_spade_bored_becter,
          minmay_temple_entry_mini_moons, serial_shops, nicolae_square_shop,
          nicolae_shop_trees, shop, shop, uniq_eustachio
D:6:      layout_loops_corners
D:7:      layout_loops_corners, kennysheep_boxes
D:8:      layout_basic, minivault_1, corexii_hall_statues_i, uniq_maurice
D:9:      minmay_the_grid_3x3 [minmay_the_grid_minigrid_small,
          minmay_the_grid_x, minmay_the_grid_dragon_a,
          minmay_the_grid_large_cup, minmay_the_grid_broken_lines,
          minmay_the_grid_square_x, minmay_the_grid_armoury,
          minmay_the_grid_zigzag_pyramid, minmay_the_grid_prize_diamond_cup],
          layout_cave_pools, gammafunk_ghost_ooze, minmay_misc_feat_iff
Temple:   nicolae_temple_two_arcs

Skill      XL: |  1  2  3  4  5  6  7  8  9 10 11 |
---------------+----------------------------------+-----
Spellcasting   | 5 6 7 8 |  8.0
Invocations    | 1 2 3 4 5 6 |  6.7
Short Blades   | 1 2 3 5 6 |  6.1
Long Blades    | 1 2 3 5 6 |  6.1
Axes           | 1 2 3 5 6 |  6.1
Polearms       | 1 2 3 5 6 |  6.1
Staves         | 1 2 3 5 6 |  6.1
Ranged Weapons | 1 2 3 5 6 |  6.1
Throwing       | 1 2 3 5 6 |  6.1
Armour         | 1 2 3 5 6 |  6.1
Stealth        | 1 2 3 5 6 |  6.1
Shields        | 1 2 3 5 6 |  6.1
Unarmed Combat | 1 2 3 5 6 |  6.1
Evocations     | 1 2 3 5 6 |  6.1
Hexes          | 1 2 3 4 5 |  5.0
Summonings     | 1 2 3 4 5 |  5.0
Necromancy     | 1 2 3 4 5 |  5.0
Translocations | 1 2 3 4 5 |  5.0
Transmutations | 1 2 3 4 5 |  5.0
Fire Magic     | 1 2 3 4 5 |  5.0
Ice Magic      | 1 2 3 4 5 |  5.0
Air Magic      | 1 2 3 4 5 |  5.0
Earth Magic    | 1 2 3 4 5 |  5.0
Poison Magic   | 1 2 3 4 5 |  5.0
Fighting       | 5 6 7 |  7.7
Dodging        | 5 6 7 |  7.7
Maces & Flails | 7 8 9 |  9.1
Conjurations   | 6 7 |  7.5

Action                     |  1- 3 |  4- 6 |  7- 9 | 10-12 || total
---------------------------+-------+-------+-------+-------++-------
  Melee: Mace              |   114 |    59 |       |       ||   173
         Bite              |     7 |     9 |    45 |    12 ||    73
         Punch             |       |     1 |       |       ||     1
         Flail             |       |    61 |    41 |       ||   102
         Rapier            |       |       |   117 |       ||   117
         Morningstar       |       |       |   133 |   114 ||   247
  Throw: Dart              |       |     8 |    18 |    12 ||    38
   Cast: Momentum Strike   |       |     9 |     8 |     3 ||    20
         Kiss of Death     |       |     5 |       |       ||     5
  Evoke: Wand              |       |     2 |     5 |    19 ||    26
    Use: Scroll            |       |       |    12 |     2 ||    14
         Potion            |       |       |     5 |     3 ||     8
   Stab: Sleeping          |     2 |     3 |     6 |     2 ||    13
         Distracted        |       |     1 |     1 |       ||     2
 Armour: Leather armour    |    24 |    37 |    80 |    19 ||   160
         Skin              |       |       |       |    47 ||    47
  Dodge: Dodged            |    60 |    76 |   218 |    82 ||   436
  Block: Buckler           |       |       |    46 |    39 ||    85

Table legend: (Time is in decaauts)
 A = Elapsed time spent in this place.
 B = Non-inter-level travel time spent in this place.
 C = Inter-level travel time spent in this place.
 D = Time resting spent in this place.
 E = Time spent auto-exploring this place.
 F = Levels seen in this place.
 G = Mean time per level.
                   A        B        C        D        E       F      G
               +--------+--------+--------+--------+--------+-----+--------+
         Total |  12076 |  11681 |    395 |    801 |   8807 |  10 | 1207.6 |
       Dungeon |  11943 |  11560 |    383 |    801 |   8729 |   9 | 1327.0 |
        Temple |    133 |    121 |     12 |      0 |     78 |   1 |  133.0 |
               +--------+--------+--------+--------+--------+-----+--------+

Top non-repeatable levels by time:
     D:7: 1994 daAuts
     D:6: 1757 daAuts
     D:4: 1650 daAuts
     D:9: 1320 daAuts
     D:8: 1259 daAuts
     D:5: 1178 daAuts
     D:2: 1098 daAuts
     D:1: 890 daAuts
     D:3: 793 daAuts
  Temple: 133 daAuts
